 Dungeon Crawl Stone Soup version 0.29-a0-383-g8b6f518c11 (webtiles) character file.

Game seed: 14345018978685135876

225 Kenran the Scratcher (level 5, -2/26 HPs)
             Began as a Felid Transmuter on May 6, 2022.
             Succumbed to a scorpion's poison
             ... in an ossuary.
             The game lasted 00:10:03 (5363 turns).

Kenran the Scratcher (Felid Transmuter)             Turns: 5363, Time: 00:10:04

Health: -2/26      AC:  2    Str:  6    XL:     5   Next: 68%
Magic:  4/9        EV: 18    Int: 17    God:
Gold:   207        SH:  0    Dex: 16    Spells: 3/8 levels left
                                        Lives:  0   Deaths: 1

rFire   . . .      SeeInvis +     - Unarmed
rCold   . . .      Faith    .   (shield unavailable)
rNeg    . . .      Spirit   +   (body armour unavailable)
rPois   .          Reflect  .   (helmet unavailable)
rElec   .          Harm     .   (cloak unavailable)
rCorr   .          Rampage  .   (gloves unavailable)
Will    .....                   (boots unavailable)
Stlth   ++........              l - amulet of guardian spirit
HPRegen 0.08/turn               (no ring)
MPRegen 0.11/turn               (no ring)

@: lethally poisoned (-2 -> -22), appendages, quick
A: horns 2, very small, claws 1, fangs 3, see invisible, speed 1, shaggy fur 2,
stealthy paws, no weapons or thrown items, no armour, multi-lived, robust 1
a: End Transformation


You were in an ossuary.
You had temporarily grown beastly horns.
You visited 1 branch of the dungeon, and saw 4 of its levels.
You also visited: Ossuary.

You collected 273 gold pieces.
You spent 66 gold pieces at shops.

Inventory:

Jewellery
 l - an amulet of guardian spirit (around neck)
Wands
 j - a wand of iceblast (4)
 n - a wand of acid (10)
Scrolls
 a - 2 scrolls of teleportation {unknown}
 d - a scroll of noise {unknown}
 g - a scroll of brand weapon {unknown}
 h - a scroll of amnesia {unknown}
 i - 2 scrolls of identify {unknown}
 p - a scroll of poison {unknown}
 q - a scroll of immolation {unknown}
 s - a scroll of fear {unknown}
Potions
 b - a potion of resistance {unknown}
 c - a potion of flight
 e - a potion of attraction {unknown}
 f - a potion of mutation {!q}
 k - a potion of haste
 m - 2 potions of ambrosia {unknown}
 o - a potion of brilliance {unknown}
 r - a potion of degeneration {unknown}


   Skills:
 - Level 3.0 Fighting
 - Level 4.0 Dodging
 - Level 3.0 Stealth
 - Level 6.0 Unarmed Combat
 - Level 2.0 Spellcasting
 + Level 2.1 Transmutations


You had 3 spell levels left.
You knew the following spells:

 Your Spells              Type           Power      Damage    Failure   Level
a - Beastly Appendage     Tmut           18%        N/A       8%          1
b - Ice Form              Ice/Tmut       5%         N/A       77%         4

Your spell library contained the following spells:

 Spells                   Type           Power      Damage    Failure   Level
 Sting                    Tmut/Pois      20%        1d4       12%         1
 Wereblood                Tmut           9%         N/A       12%         2
 Poisonous Vapours        Pois/Air       2%         N/A       28%         2
 Static Discharge         Conj/Air       1%         N/A       28%         2
 Spider Form              Tmut/Pois      5%         N/A       36%         3
 Gell's Gravitas          Tloc           1%         N/A       50%         3
 Lesser Beckoning         Tloc           1%         N/A       50%         3
 Teleport Other           Tloc           1%         N/A       50%         3
 Olgreb's Toxic Radiance  Pois           1%         N/A       88%         4
 Lightning Bolt           Conj/Air       0%         1d11      99%         5
 Maxwell's Capacitive Co  Air            0%         ∞         100%        8


Dungeon Overview and Level Annotations

Branches:
Dungeon (4/15)            Ossuary (1/1)
 Temple: D:4-7

Altars:

Shops:
D:1 !

Annotations:
D:3 2 runed translucent doors, gouglew's ghost, amateur GrFi


Innate Abilities, Weirdness & Mutations

You have temporarily grown beastly horns.
You have sharp claws.
You have razor-sharp teeth.
You have supernaturally acute eyesight. (SInv)
You cover ground quickly. (Speed+)
You are covered in thick fur. (AC +2)
Your paws help you pounce on unaware monsters.
You are incapable of wielding weapons or throwing items.
You cannot wear armour.
You gain extra lives every three experience levels.
You are robust. (+10% HP)


Message History

You are very lightly contaminated with residual magic.
Nothing appears to happen.
The scorpion closely misses you.
Casting: Beastly Appendage (safe; 8% risk of failure)
Confirm with . or Enter, or press ? or * to list all spells.
You grow a pair of large bovine horns.
The scorpion stings you.
You are poisoned.
The scorpion poisons you!
You scratch the scorpion.
You bite the scorpion, but do no damage.
The scorpion is lightly wounded.
You feel very sick. The scorpion closely misses you.
You barely miss the scorpion. You bite the scorpion.
The scorpion is lightly wounded.
You feel sick. The scorpion misses you.
You scratch the scorpion but do no damage.
The scorpion is lightly wounded.
You feel sick. The scorpion stings you.
You are more poisoned.
The scorpion poisons you!
You scratch the scorpion.
The scorpion is lightly wounded.
You feel very sick. The scorpion closely misses you.
You closely miss the scorpion.
The scorpion is lightly wounded.
You feel sick. The scorpion stings you!
* * * LOW HITPOINT WARNING * * *
You are more poisoned.
The scorpion poisons you!
You scratch the scorpion but do no damage.
The scorpion is lightly wounded.
* * * LOW HITPOINT WARNING * * *
You feel very sick. The scorpion misses you.
Your magical contamination has completely faded away.
You scratch the scorpion but do no damage.
You bite the scorpion, but do no damage.
The scorpion is lightly wounded.
You die...

#####################
#...#...#...#...#?!!#.
#.∩.#...8...@...#?..'Z
#...#.......#s..#!..#
##'###8...8###'######
#...#.......#...#...#
#.∩.'...8...#...8...#
#...#...#...#.......#
##############8...8##
#..!#...#.......#
+..?#...'...8...#


You could see a scorpion.

Vanquished Creatures
  3 scorpions
  2 human zombies (Ossuary)
  A hound (D:2)
  A scorpion zombie (Ossuary)
  3 adders
  3 gnolls
  An ufetubus (D:4)
  3 worms
  A dart slug (D:2)
  2 endoplasms
  2 giant cockroaches (D:3)
  5 goblins
  8 hobgoblins
  10 jackals
  2 kobolds (D:2)
  3 quokkas
  5 ball pythons
  2 bats
  A frilled lizard (D:1)
  A goblin zombie (Ossuary)
  A rat (D:1)
60 creatures vanquished.

Notes
Turn   | Place    | Note
-------+----------+-------------------------------------------
     0 | D:1      | Kenran the Felid Transmuter began the quest for the Orb.
     0 | D:1      | Reached XP level 1. HP: 9/9 MP: 4/4
    59 | D:1      | Reached skill level 1 in Stealth
   108 | D:1      | Reached XP level 2. HP: 12/12 MP: 4/6
   579 | D:1      | Found Xiel Satila's Distillery.
   592 | D:1      | Bought a potion of curing for 33 gold pieces
   592 | D:1      | Bought a potion of lignification for 33 gold pieces
   812 | D:1      | Found a faded altar of an unknown god.
  1291 | D:2      | Reached XP level 3. HP: 15/15 MP: 7/7
  1315 | D:2      | Reached skill level 4 in Unarmed Combat
  1811 | D:2      | Reached XP level 4. HP: 12/19 MP: 8/8
  2617 | D:3      | Noticed a scorpion
  2717 | D:2      | Killed a scorpion
  2718 | D:2      | Reached skill level 5 in Unarmed Combat
  2718 | D:2      | Reached XP level 5. HP: 3/22 MP: 9/9
  4162 | D:3      | Found a large runed translucent door.
  4162 | D:3      | Found a large runed translucent door.
  4618 | D:3      | Noticed gouglew's ghost (amateur GrFi)
  4707 | D:4      | Gained mutation: You are covered in thick fur. (AC +2)
                  | [Felid growth]
  4707 | D:4      | Reached XP level 6. HP: 6/27 MP: 1/10
  4819 | D:4      | Found a sand-covered staircase.
  4972 | Ossuary  | Entered an ossuary
  5092 | Ossuary  | Gained mutation: You are robust. (+10% HP) [potion of
                  | mutation]
  5092 | Ossuary  | HP: 1/29 [poisoned by a scorpion]
  5093 | Ossuary  | Succumbed to a scorpion's poison
  5094 | Ossuary  | Reached XP level 5. HP: -1/26 MP: 6/9
  5116 | Ossuary  | Reached skill level 6 in Unarmed Combat
  5324 | Ossuary  | Learned a level 4 spell: Ice Form
  5363 | Ossuary  | Succumbed to a scorpion's poison

Illustrated notes

Levels and vault maps discovered:
D:1:      saegor_arrival_simple_d, layout_basic, serial_shops, shop,
          hellmonk_ecumenical_altar_inner_sanctum, minmay_tromino_v4_c
D:2:      layout_basic
D:3:      layout_loops_ring, ebering_ghost_disaster_area
D:4:      layout_basic, enter_ossuary_1, serial_curves, eino_curves_02,
          eino_curves_01, chequers_serial_rivers_small_b, uniq_ijyb,
          uniq_duvessa
Ossuary:  ossuary_minmay_scorpions

Skill      XL: |  1  2  3  4  5  6 |
---------------+-------------------+-----
Stealth        | 1 2 3 |  3.0
Unarmed Combat | 4 5 6 |  6.0
Fighting       | 2 3 |  3.0
Dodging        | 3 4 |  4.0
Spellcasting   | |  2.0
Transmutations | |  2.1

Action                   |  1- 3 |  4- 6 || total
-------------------------+-------+-------++-------
Melee: Unarmed           |    92 |   156 ||   248
       Bite              |    11 |    20 ||    31
       Headbutt          |     7 |    23 ||    30
       Punch             |     3 |     4 ||     7
 Cast: Beastly Appendage |     8 |    19 ||    27
Evoke: Wand              |       |     4 ||     4
  Use: Potion            |     2 |     5 ||     7
 Stab: Sleeping          |     2 |     3 ||     5
Armor: Skin              |     7 |    13 ||    20
Dodge: Dodged            |    74 |   126 ||   200

Table legend: (Time is in decaauts)
 A = Elapsed time spent in this place.
 B = Non-inter-level travel time spent in this place.
 C = Inter-level travel time spent in this place.
 D = Time resting spent in this place.
 E = Time spent auto-exploring this place.
 F = Levels seen in this place.
 G = Mean time per level.
                   A        B        C        D        E       F      G
               +--------+--------+--------+--------+--------+-----+--------+
         Total |   4843 |   4706 |    137 |   2311 |   1450 |   5 |  968.6 |
       Dungeon |   4469 |   4332 |    137 |   2063 |   1450 |   4 | 1117.2 |
       Ossuary |    373 |    373 |      0 |    248 |      0 |   1 |  373.0 |
               +--------+--------+--------+--------+--------+-----+--------+

Top non-repeatable levels by time:
     D:2: 2690 daAuts
     D:1: 774 daAuts
     D:3: 702 daAuts
 Ossuary: 373 daAuts
     D:4: 301 daAuts
